 Dungeon Sprint DCSS version 0.31-a0-424-g41b3b0883d (webtiles) character file.

Game seed: 16085959201196693777

9660 Conn the Sage (level 11, -10/67 HPs)
             Began as an Octopode Fire Elementalist on July 30, 2023.
             Was a High Priest of Sif Muna.
             Mangled by a ghost moth (16 damage)
             ... in the Dungeon (Sprint IV: "Fedhas' Mad Dash").
             The game lasted 00:26:45 (2653 turns).

Conn the Sage (Octopode Fire Elementalist)          Turns: 2653, Time: 00:26:45

Health: -10/67     AC:  1    Str:  7    XL:     11   Next: 50%
Magic:  16/28      EV: 15    Int: 21    God:    Sif Muna [*****.]
Gold:   70         SH:  7    Dex: 22    Spells: 1/36 levels left

rFire   + + .        k - staff "Vinn" {rElec rF+ Dex+8 Air}
rCold   . . .        j - +0 buckler
rNeg    . . .        (helmet restricted)
rPois   .            h - amulet of invisibility {+Inv}
rElec   +            (no ring)
rCorr   .            (no ring)
SInv    .            (no ring)
Will    .....        (no ring)
Stlth   ++++         (no ring)
HPRegen 0.31/turn    (no ring)
MPRegen 0.21/turn    (no ring)
                     (no ring)

%: no teleportation, random rage (9%)
@: calling dragons, on blink cooldown
A: almost no armour, amphibious, 8 rings, camouflage 1, gelatinous body 1,
(nimble swimmer 1), tentacles, berserk 2, fire resistance 1, wild magic 1
a: Renounce Religion, Evoke Invisibility, Channel Magic, Forget Spell, Divine
Exegesis


You were in the Dungeon.
You worshipped Sif Muna.
Sif Muna was extremely pleased with you.
You visited 1 branch You collected 246 gold pieces.
You spent 176 gold pieces at shops.

Inventory:

Hand Weapons
 i - a +0 short sword
Armour
 j - a +0 buckler (worn)
Magical Staves
 k - the staff "Vinn" (weapon) {rElec rF+ Dex+8 Air}
   (You found it in the Dungeon)

   [staff of air]

   Base accuracy: +5 Base damage: 5 Base attack delay: 1.2 This weapon's minimum
   attack delay (0.6) is reached at skill level 12.
   Dex:       It affects your dexterity (+8).
   rF:        It protects you from fire.
   rElec:     It insulates you from electricity.
   Air:       It increases the power of your Air spells.
   It falls into the 'Staves' category.
   It is a one-tentacled weapon.
 m - a staff of poison
Jewellery
 h - the amulet of invisibility (around mantle) {+Inv}
   (You found it in the Dungeon)

   [amulet of nothing]

   +Inv:      It lets you turn invisible.
Potions
 a - 2 potions of magic
 b - a potion of curing
 c - a potion of heal wounds
 d - a potion of haste
Miscellaneous
 e - a lightning rod (4/4)
 n - a sack of spiders


   Skills:
 * Level 3.3 Fighting
 + Level 4.1 Dodging
 + Level 5.5 Stealth
 + Level 7.5 Shields
 - Level 0.1 Unarmed Combat
 - Level 13.0 Spellcasting
 + Level 9.5 Conjurations
 + Level 5.6 Hexes
 + Level 2.3 Summonings
 * Level 3.0 Translocations
 - Level 13.1 Fire Magic
 - Level 3.0 Air Magic
 - Level 3.0 Earth Magic
 - Level 3.0 Poison Magic
 * Level 14.8 Invocations


You had one spell level left.
You knew the following spells:

 Your Spells              Type           Power      Damage    Failure   Level
a - Foxfire               Conj/Fire      100%       2x1d9     1%          1
b - Scorch                Fire           100%       2d9       1%          2
c - Inner Flame           Hex/Fire       62%        N/A       1%          3
d - Flame Wave            Conj/Fire      68%        2d15      1%          4
e - Volatile Blastmotes   Fire/Tloc      100%       2d18      1%          3
f - Fireball              Conj/Fire      34%        3d14      3%          5
g - Mephitic Cloud        Conj/Pois/Air  62%        N/A       4%          3
h - Ignite Poison         Fire/Tmut/Pois 47%        N/A       4%          3
i - Stone Arrow           Conj/Erth      100%       3d13      3%          3
j - Plasma Beam           Fire/Air       37%        2x1d51    45%         6
k - Blink                 Tloc           68%        N/A       5%          2

Your spell library contained the following spells:

 Spells                   Type           Power      Damage    Failure   Level
 Slow                     Hex            100%       N/A       1%          1
 Confusing Touch          Hex            48%        N/A       3%          3
 Iskenderun's Battlesphe  Conj           63%        2d11      6%          5
 Gell's Gravitas          Tloc           34%        N/A       10%         3
 Cause Fear               Hex            24%        N/A       11%         4
 Arcjolt                  Conj/Air       33%        1d43      21%         5
 Vampiric Draining        Necr           17%        2d7       28%         3
 Manifold Assault         Tloc           34%        N/A       28%         4
 Silence                  Hex/Air        29%        N/A       41%         5
 Freezing Cloud           Conj/Ice/Air   28%        6-21      43%         5
 Yara's Violent Unravell  Hex/Tmut       16%        3d8       61%         5
 Summon Forest            Summ/Tloc      16%        N/A       63%         5
 Leda's Unmaking          Conj/Erth      25%        9d5       71%         6
 Dispersal                Tloc           17%        N/A       98%         6
 Lehudib's Crystal Spear  Conj/Erth      25%        10d7      100%        8
 Dragon's Call            Summ           15%        N/A       100%        9
 Animate Armour           Summ/Erth      Unusable   N/A       N/A         4

Dungeon Overview and Level Annotations

Branches:
Dungeon (1/1)

Altars:
Cheibriados
Dithmenos
Elyvilon
Gozag
Hepliaklqana
Kikubaaqudgha
Makhleb
Nemelex Xobeh
Okawaru
Qazlal
Ru
Sif Muna
Trog
Uskayaw
Vehumet
Wu Jian
Xom
Yredelemnul
Zin
The Shining One
Jiyva
Lugonu

Shops:
D ?(!:?(((*(*


Innate Abilities, Weirdness & Mutations

You cannot wear most types of armour.
You are amphibious.
You can wear up to eight rings at the same time.
Your skin changes colour to match your surroundings (Stealth+).
Your rubbery body absorbs attacks. (AC +1, EV +1)
((You are camouflaged when in or above water. (Stealth+)))
You have tentacles for arms and can constrict up to eight enemies at once.
You have an uncontrollable temper.
Your flesh is heat resistant. (rF+)
Your spells are a little harder to cast, but a little more powerful.


Message History

Fall back!
Something barely misses your ice dragon.
Something hits your ice dragon but does no damage.
Something stings your ice dragon! What are your orders? t - Shout!
Orders for allies: a - Attack new target. r - Retreat! s - Stop attacking. g - Guard the area. f - Follow me.
Anything else - Cancel.
Gang up on whom?
Press: ? - help, Dir - move target
Okay, then.
Unknown command.
Unknown command.
Okay, then.
What are your orders? t - Shout!
Orders for allies: a - Attack new target. r - Retreat! s - Stop attacking. g - Guard the area. f - Follow me.
Anything else - Cancel.
Gang up on whom?
Press: ? - help, Dir - move target There's nothing there!
You aren't carrying any scrolls.
Okay, then.
Magic courses through your body.
Casting: Foxfire (safe; 1% risk of failure)
Confirm with . or Enter, or press ? or * to list all spells.
You blink.
Your fire dragon disappears in a puff of smoke!
You feel you are being watched by something.
You feel your power leaking away. Something hits you!
* * * LOW HITPOINT WARNING * * *
Something hits you!
* * * LOW HITPOINT WARNING * * *
Something stings you!
You die...

#............#...#######
#...........######....♣.
##'####'######..'.)....♣
#..#....'.......#....♣♣.
#..#..###.......#....)♣.
########################
#..............).......#
#∩...§..D§...........P.#
#∩...†.@.D..........)P..
#∩...................P..
###########+############


You could see a friendly golden dragon (summoned) and a friendly ice dragon
(summoned).

Vanquished Creatures
  A demonic crawler (D)
  A spriggan druid (D)
  6 oklob plants (D)
  3 burning bushes (D)
  3 wandering mushrooms (D)
  A queen bee (D)
  A hornet (D)
  3 scorpions (D)
  4 killer bees (D)
  5 oklob saplings (D)
  5 spriggans (D)
  A river rat (D)
  A rat (D)
  A ballistomycete spore (D)
36 creatures vanquished.

Vanquished Creatures (collateral kills)
  Agnes (D)
  A spriggan defender (D)
  A demonic crawler (D)
  A spriggan berserker (D)
  2 spriggans (D)
  2 hornets (D)
  A ballistomycete spore (D)
  2 foxfires (D)
11 creatures vanquished.

Vanquished Creatures (others)
  34 foxfires (D)
34 creatures vanquished.

Grand Total: 81 creatures vanquished

Notes
Turn   | Place    | Note
-------+----------+-------------------------------------------
     0 | D        | Conn the Octopode Fire Elementalist began the quest for the
                  | Orb.
     0 | D        | Reached XP level 1. HP: 11/11 MP: 3/3
    27 | D        | Reached XP level 2. HP: 7/17 MP: 1/5
    79 | D        | Learned a level 2 spell: Scorch
    82 | D        | Noticed an oklob sapling
    85 | D        | Noticed a scorpion
    85 | D        | Found the amulet of invisibility {+Inv}
    89 | D        | Killed a scorpion
    90 | D        | Reached skill level 5 in Fire Magic
    90 | D        | Reached XP level 3. HP: 21/21 MP: 0/8
    90 | D        | Reached XP level 4. HP: 27/27 MP: 0/10
   349 | D        | Found an opulent altar of Gozag.
   349 | D        | Found a hazy altar of Hepliaklqana.
   349 | D        | Found a burning altar of Makhleb.
   349 | D        | Found a sparkling altar of Nemelex Xobeh.
   349 | D        | Found a snail-covered altar of Cheibriados.
   349 | D        | Found a sacrificial altar of Ru.
   349 | D        | Found a shimmering blue altar of Sif Muna.
   349 | D        | Found a shimmering altar of Xom.
   349 | D        | Found a basalt altar of Yredelemnul.
   350 | D        | Found a viscous altar of Jiyva.
   350 | D        | Found a bloodstained altar of Trog.
   350 | D        | Found an ornate altar of the Wu Jian Council.
   350 | D        | Noticed an oklob sapling priest
   351 | D        | Found an iron altar of Okawaru.
   351 | D        | Found a glowing silver altar of Zin.
   351 | D        | Found a shadowy altar of Dithmenos.
   352 | D        | Found a hide-covered altar of Uskayaw.
   352 | D        | Found an ancient bone altar of Kikubaaqudgha.
   353 | D        | Found a glowing golden altar of the Shining One.
   353 | D        | Found a stormy altar of Qazlal.
   353 | D        | Found a white marble altar of Elyvilon.
   354 | D        | Found a radiant altar of Vehumet.
   354 | D        | Found a corrupted altar of Lugonu.
   356 | D        | Became a worshipper of Sif Muna the Loreminder
   359 | D        | Killed an oklob sapling priest
   360 | D        | Reached XP level 5. HP: 31/31 MP: 4/13
   431 | D        | Reached skill level 1 in Invocations
   473 | D        | Learned a level 3 spell: Inner Flame
   478 | D        | Learned a level 4 spell: Flame Wave
   482 | D        | Reached * piety under Sif Muna
   483 | D        | Reached skill level 3 in Invocations
   483 | D        | Reached XP level 6. HP: 36/36 MP: 5/16
   571 | D        | Found Qitut's Magic Scroll Shop.
   571 | D        | Found Sezurec's Book Emporium.
   584 | D        | Learned a level 3 spell: Volatile Blastmotes
   587 | D        | Noticed a burning bush
   587 | D        | Noticed a wandering mushroom
   597 | D        | Killed a wandering mushroom
   597 | D        | Reached ** piety under Sif Muna
   598 | D        | Reached skill level 5 in Invocations
   598 | D        | Reached XP level 7. HP: 41/41 MP: 7/19
   672 | D        | Noticed a wandering mushroom
   685 | D        | Killed a wandering mushroom
   686 | D        | Reached skill level 1 in Hexes
   686 | D        | Reached skill level 6 in Invocations
   804 | D        | Identified the staff "Vinn" {rElec rF+ Dex+8 Air}
   827 | D        | Killed a burning bush
   828 | D        | Reached skill level 5 in Shields
   828 | D        | Reached skill level 5 in Conjurations
   828 | D        | Reached skill level 10 in Fire Magic
   828 | D        | Reached XP level 8. HP: 32/46 MP: 1/21
   837 | D        | Found Lomeq's Assorted Antiques.
   837 | D        | Found Ateoryus's Antique Weapon Shoppe.
   948 | D        | Reached *** piety under Sif Muna
   987 | D        | Noticed a queen bee
   991 | D        | Reached skill level 10 in Spellcasting
   991 | D        | Reached skill level 7 in Invocations
   999 | D        | Killed a queen bee
   999 | D        | Reached **** piety under Sif Muna
  1125 | D        | Noticed an oklob plant
  1131 | D        | Killed an oklob plant
  1132 | D        | Reached skill level 8 in Invocations
  1132 | D        | Reached XP level 9. HP: 52/52 MP: 11/23
  1147 | D        | Noticed a burning bush
  1262 | D        | Killed a burning bush
  1366 | D        | Noticed a burning bush
  1366 | D        | Noticed an oklob plant
  1377 | D        | Killed a burning bush
  1477 | D        | Noticed a wandering mushroom
  1484 | D        | Killed an oklob plant
  1484 | D        | Reached ***** piety under Sif Muna
  1484 | D        | Received a gift from Sif Muna
  1484 | D        | Killed a wandering mushroom
  1485 | D        | Reached skill level 9 in Invocations
  1488 | D        | Got Sif Muna's Compilation of Concussion and Incineration
                  | {god gift}
  1496 | D        | Learned a level 5 spell: Fireball
  1500 | D        | Learned a level 3 spell: Mephitic Cloud
  1504 | D        | Learned a level 3 spell: Ignite Poison
  1559 | D        | Noticed a spriggan druid
  1565 | D        | Killed a spriggan druid
  1566 | D        | Reached skill level 1 in Air Magic
  1566 | D        | Reached skill level 1 in Poison Magic
  1566 | D        | Reached XP level 10. HP: 57/57 MP: 11/26
  1679 | D        | Noticed an oklob plant conjurer
  1687 | D        | Killed an oklob plant conjurer
  1698 | D        | Learned a level 3 spell: Stone Arrow
  1771 | D        | Noticed an oklob plant
  1771 | D        | Noticed an oklob plant summoner
  1777 | D        | Noticed an oklob plant shifter
  1779 | D        | Killed an oklob plant summoner
  1780 | D        | Reached skill level 1 in Earth Magic
  1780 | D        | Killed an oklob plant
  1915 | D        | Killed an oklob plant shifter
  1916 | D        | Reached skill level 10 in Invocations
  1989 | D        | Gained mutation: You have hidden genetic defects. [potion
                  | of mutation]
  1989 | D        | Gained mutation: Your spells are a little harder to cast,
                  | but a little more powerful. [potion of mutation]
  1989 | D        | Gained mutation: Your flesh is heat resistant. (rF+)
                  | [potion of mutation]
  2072 | D        | Noticed a demonic crawler
  2073 | D        | Killed a demonic crawler
  2119 | D        | Noticed a spriggan rider
  2122 | D        | Received a gift from Sif Muna
  2123 | D        | Reached skill level 5 in Stealth
  2124 | D        | Reached skill level 11 in Invocations
  2127 | D        | Got Sif Muna's Encyclopedia of the Storm and Location {god
                  | gift}
  2135 | D        | Learned a level 6 spell: Plasma Beam
  2136 | D        | Gained mutation: You sometimes lose your temper in combat.
                  | [hidden defects]
  2137 | D        | Found Nymayl's General Store.
  2137 | D        | Found Iklusek's Weapon Emporium.
  2158 | D        | Identified the +6 plate armour of Dust Devil {rC- Dex+4}
  2256 | D        | Noticed Agnes
  2259 | D        | Killed Agnes
  2259 | D        | Noticed a spriggan berserker
  2260 | D        | Reached skill level 12 in Invocations
  2260 | D        | Reached XP level 11. HP: 62/62 MP: 7/28
  2260 | D        | Killed a spriggan berserker
  2261 | D        | Reached skill level 1 in Summonings
  2261 | D        | Reached skill level 13 in Invocations
  2264 | D        | Found Nuur's Weapon Emporium.
  2266 | D        | Found Ihuirghoi's Weapon Shoppe.
  2274 | D        | Gained mutation: You have an uncontrollable temper. [hidden
                  | defects]
  2274 | D        | Lost mutation: You have hidden genetic defects. [hidden
                  | defects expressed]
  2283 | D        | Noticed a spriggan defender
  2286 | D        | Killed a spriggan defender
  2287 | D        | Reached skill level 1 in Fighting
  2287 | D        | Reached skill level 5 in Hexes
  2513 | D        | Bought an Inescapable Atlas for 176 gold pieces
  2516 | D        | Learned a level 2 spell: Blink
  2625 | D        | Noticed a spriggan rider
  2626 | D        | Killed a spriggan rider
  2627 | D        | Reached skill level 1 in Translocations
  2627 | D        | Reached skill level 14 in Invocations
  2644 | D        | Noticed a demonic crawler
  2647 | D        | Killed a demonic crawler
  2647 | D        | Received a gift from Sif Muna
  2648 | D        | Got Sif Muna's Advanced Steps in the Hermit's Heritage {god
                  | gift}
  2650 | D        | Found Teh Romi's Magic Scroll Shoppe.
  2650 | D        | Found Nuism's Weapon Boutique.
  2650 | D        | Found Riropsud's Distillery.
  2653 | D        | Mangled by a ghost moth

Illustrated notes

Levels and vault maps discovered:
D:        dungeon_sprint_fedhas [sprint_temple]

Skill      XL: |  1  2  3  4  5  6  7  8  9 10 11 |
---------------+----------------------------------+-----
Stealth        | 3 4 5 |  5.5
Fire Magic     | 4 5 6 8 10 11 12 13 | 13.1
Dodging        | 3 4 |  4.1
Spellcasting   | 4 6 7 8 9 10 12 13 | 13.0
Conjurations   | 2 3 4 5 6 8 9 |  9.5
Invocations    | 3 5 6 8 9 12 14 | 14.8
Shields        | 3 5 6 7 |  7.5
Hexes          | 2 4 5 |  5.6
Air Magic      | 1 3 |  3.0
Poison Magic   | 1 3 |  3.0
Earth Magic    | 3 |  3.0
Summonings     | 2 |  2.3
Fighting       | 3 |  3.3
Translocations | 3 |  3.0
Unarmed Combat | |  0.1

Action                     |  1- 3 |  4- 6 |  7- 9 | 10-12 || total
---------------------------+-------+-------+-------+-------++-------
  Melee: Unarmed           |    13 |       |       |       ||    13
         Tentacles         |     3 |       |       |       ||     3
         Constrict         |     2 |       |       |       ||     2
   Cast: Foxfire           |     4 |     8 |     7 |     2 ||    21
         Scorch            |     2 |    14 |    48 |    10 ||    74
         Inner Flame       |       |     3 |     6 |     5 ||    14
         Flame Wave        |       |       |     6 |     1 ||     7
         Fireball          |       |       |       |     9 ||     9
         Dragon's Call     |       |       |       |     2 ||     2
         Mephitic Cloud    |       |       |       |     1 ||     1
         Lehudib's Crystal |       |       |       |     1 ||     1
         Blink             |       |       |       |     1 ||     1
 Invoke: Divine Exegesis   |       |       |       |     3 ||     3
         Channel Magic     |       |       |       |     1 ||     1
Ability: Evoke Invisibilit |       |     6 |     5 |     4 ||    15
    Use: Potion            |     1 |       |       |     5 ||     6
         Scroll            |       |       |       |     1 ||     1
  Dodge: Dodged            |     3 |     1 |    10 |     6 ||    20
  Block: Buckler           |       |       |       |     1 ||     1

Table legend: (Time is in decaauts)
 A = Elapsed time spent in this place.
 B = Non-inter-level travel time spent in this place.
 C = Inter-level travel time spent in this place.
 D = Time resting spent in this place.
 E = Time spent auto-exploring this place.
 F = Levels seen in this place.
 G = Mean time per level.
                   A        B        C        D        E       F      G
               +--------+--------+--------+--------+--------+-----+--------+
         Total |   2662 |   2662 |      0 |   1696 |      0 |   1 | 2662.0 |
       Dungeon |   2662 |   2662 |      0 |   1696 |      0 |   1 | 2662.0 |
               +--------+--------+--------+--------+--------+-----+--------+

Top non-repeatable levels by time:
       D: 2662 daAuts
